Selects Airborne Battlegroup
Mechanized Support Center
Construct Medical Station
M1918 Browning Automatic Rifles
Selects Paratrooper Squad Paradrop
Paratrooper Squad Paradrop
Designate Forward Repair Station
Selects Carpet Bombing Run
M4A1(76) Sherman Medium Tank
Selects Anti-tank Gun Team Paradrop
M4(105) Sherman Bulldozer
Paratrooper Squad Paradrop
M4A1(76) Sherman Medium Tank
Paratrooper Squad Paradrop